 Dungeon Crawl Stone Soup version 0.22-a0-355-g201945f (webtiles) character file.

44 Amnesiac the Cutter (level 3, -1/19 HPs)
             Began as a Vine Stalker Fighter on Apr 17, 2018.
             Killed by divine providence
             ... invoked by an orc priest
              (10 damage)
             ... on level 3 of the Dungeon.
             The game lasted 00:01:14 (413 turns).

Amnesiac the Cutter (Vine Stalker Fighter)           Turns: 413, Time: 00:01:15

Health: -1/19      AC:  6    Str: 18 (19) XL:     3   Next: 60%
Magic:  0/4        EV:  7    Int:  6 (8)  God:
Gold:   5          SH:  8    Dex: 12 (13) Spells: 2/2 levels left

rFire    . . .     SeeInvis .   a - +0 rapier
rCold    + . .     Gourm    .   c - +0 shield
rNeg     . . .     Faith    .   b - +0 scale mail
rPois    .         Spirit   +   (no helmet)
rElec    .         Reflect  .   (no cloak)
rCorr    .         Harm     .   (no gloves)
MR       .....                  (no boots)
Stlth    ..........             (no amulet)
HPRegen  0.06/turn              e - ring of protection from cold
MPRegen  0.09/turn              (no ring)

@: no status effects
A: fangs 2, magic shield, antimagic bite, no potion heal 3, rot immunity
a: no special abilities


You were on level 3 of the Dungeon.
You were not hungry.

You visited 1 branch of the dungeon, and saw 3 of its levels.

You collected 5 gold pieces.

Inventory:

Hand Weapons
 a - a +0 rapier (weapon)
Armour
 b - a +0 scale mail (worn)
 c - a +0 shield (worn)
Jewellery
 e - a ring of protection from cold (left hand)
Scrolls
 g - a scroll of teleportation {!r}
 i - a scroll of noise {!r}
 j - a scroll of identify {!r}
Potions
 d - a potion of might {!q}
Comestibles
 f - a ration


   Skills:
 - Level 2.6 Fighting
 + Level 3.5 Short Blades
 - Level 2.4 Armour
 - Level 2.6 Shields


You had 2 spell levels left.
You didn't know any spells.

Dungeon Overview and Level Annotations

Branches:
Dungeon (3/15)

Altars:

Annotations:
D:2 Terence


Innate Abilities, Weirdness & Mutations

You have extremely sharp teeth.
When hurt, damage is shared between your health and your magic reserves.
Your bite disrupts and absorbs the magic of your enemies.
Potions cannot restore your health.
You are immune to rotting.


Message History

An adder is nearby!
You aren't carrying any items that you can evoke.
Really read
g - 2 scrolls labeled IFOT CAOVUD {!r}?
As you read the scroll labeled IFOT CAOVUD {!r}, it crumbles to dust.
You feel strangely unstable.
It was a scroll of teleportation {!r}.
Really quaff
h - 2 murky green potions {!q}?
It was a potion of degeneration {!q}.
There was something very wrong with that liquid.
You feel weakened.
You feel dopey.
You feel clumsy.
Your surroundings suddenly seem different.
Found a scroll labeled WEICVO FAEHOTO.
Okay, then.
Drop what? 10/52 slots (_ for help) (? for menu, Esc to quit)
You drop a potion of degeneration {!q}.
Put on which piece of jewellery? (? for menu, Esc to quit)
That's the wrong kind of item! (Use * to select it.) Put on which piece of jewellery? (? for menu, Esc to quit)
e - a ring of protection from cold (left hand)
An adder comes into view.
The adder hisses angrily.
You miss the adder. The adder bites you but does no damage.
You miss the adder. You bite the adder. You drain its power.
The adder is moderately wounded.
You block the adder's attack. The adder bites you but does no damage.
You puncture the adder!
You kill the adder!
You see here an adder corpse.
j - 2 scrolls labeled WEICVO FAEHOTO {!r} (gained 1) Really read
j - 2 scrolls labeled WEICVO FAEHOTO {!r}?
As you read the scroll labeled WEICVO FAEHOTO {!r}, it crumbles to dust.
It is a scroll of identify.
i - a scroll of noise {!r} You found a teleport trap! 3 orcs and an orc priest come into view.
The orc shouts! x3; You hear a shout!
You hear an angry hiss.
You swing at nothing.
You swing at nothing.
You puncture the orc!
You kill the orc!
You swing at nothing.
You swing at nothing.
The orc closely misses you.
You closely miss the orc. The orc hits you with a falchion.
Your shield and scale mail prevent you from hitting the orc.
The orc barely misses you.
You puncture the orc!
You kill the orc!
You block the orc priest's attack.
You hit the orc priest but do no damage.
You block the orc's attack.
The orc priest hits you but does no damage.
You closely miss the orc priest. The orc hits you with a club.
* * * LOW HITPOINT WARNING * * *
You closely miss the orc priest.
The orc priest hits you but does no damage.
You block the orc's attack.
You hit the orc priest but do no damage.
You block the orc priest's attack. You block the orc's attack.
You hit the orc priest.
You bite the orc priest, but do no damage.
The orc priest is moderately wounded.
The orc priest invokes the aid of Beogh against you.
Beogh smites you!
Ouch! That really hurt!
You die...

####### #.....#
#####
#o###.########....
#@#.......oo......
#o#.#.########.###
#.....# #.#
###.### #.# #.#
#o# # # ###.#
#...# #.###
#.......#


You could see an orc priest and an orc.

Vanquished Creatures
  2 adders (D:3)
  2 orcs (D:3)
  2 giant cockroaches (D:2)
  A goblin (D:1)
  A hobgoblin (D:1)
  8 jackals
  3 kobolds (D:1)
  A frilled lizard (D:2)
  2 rats (D:1)
22 creatures vanquished.

Notes
Turn   | Place    | Note
-------+----------+-------------------------------------------
     0 | D:1      | Amnesiac the Vine Stalker Fighter began the quest for the Orb.
     0 | D:1      | Reached XP level 1. HP: 11/11 MP: 2/2
   129 | D:1      | Reached skill level 2 in Short Blades
   139 | D:1      | Reached XP level 2. HP: 14/16 MP: 3/3
   291 | D:2      | Reached skill level 3 in Short Blades
   298 | D:2      | Noticed Terence
   343 | D:3      | Reached XP level 3. HP: 7/19 MP: 4/4
   413 | D:3      | Killed from afar by an orc priest

Vault maps used:
D:1:      scummos_arrival_hexagon
D:2:      gammafunk_temple_overflow_pools, uniq_terence
D:3:      minmay_ruptured, uniq_crazy_yiuf_cottage, uniq_natasha, uniq_ijyb

Skill      XL: |  1  2 |
---------------+-------+-----
Short Blades   | 2 3 |  3.5
Fighting       | |  2.6
Armour         | |  2.4
Shields        | |  2.6

Action                   || total
-------------------------++-------
Melee: Rapier            ||    99
       Bite              ||    26
  Use: Scroll            ||     2
       Potion            ||     1
Armor: Scale mail        ||    52
Dodge: Dodged            ||    30
Block: Shield            ||    45

Table legend:
 A = Spawn XP
 B = Non-spawn XP
 C = Spawn XP percentage of total XP
 D = Spawn monster count
 E = Non-spawn monster count
 F = Spawn count percentage of total count
 G = Total turns spent on level
                    A         B        C        D         E        F      G
               +---------+---------+-------+---------+---------+-------+---------
         Total |       0 |      63 |   0.0 |       0 |      22 |   0.0 |   413
               +---------+---------+-------+---------+---------+-------+---------
           D:1 |       0 |      18 |   0.0 |       0 |      11 |   0.0 |   221
           D:2 |       0 |      13 |   0.0 |       0 |       7 |   0.0 |   119
           D:3 |       0 |      32 |   0.0 |       0 |       4 |   0.0 |    73
               +---------+---------+-------+---------+---------+-------+---------
